General information
- name: BNet
- type: Ladder 1vs1/FFA
- host: Battle.net
- saver: dumb_retard
map: TwistedMeadows
- players: 2
- length: 142:17
- speed: Fast
- version: 1.24 W3XP
- replay type: Public
» download(255 KB)
Players
team 1 (winner)

»
dumb_retard (
yellow | 28 APM | 3969 actions | 142:17)
8 Archmage
3 Summon Water Elemental
3 Brilliance Aura
2 Blizzard
5 Paladin
3 Holy Light
2 Devotion Aura
5 Mountain King
3 Storm Bolt
2 Bash
» actions
| Assign group hotkey | 130 | |
| Basic commands | 39 | |
| Build / train | 626 | |
| Enter build submenu | 33 | |
| Enter hero's abilities submenu | 17 | |
| Give item / drop item | 32 | |
| Right click | 1052 | |
| Select / deselect | 1419 | |
| Select group hotkey | 358 | |
| Use ability | 261 | |
3969 total
» units
| Peasant | 38 | |
| Footman | 6 | |
| Goblin Shredder | 2 | |
| Goblin Zeppelin | 549 | |
595 total
» buildings
| Altar of Kings | 1 | |
| Barracks | 2 | |
| Farm | 9 | |
| Town Hall | 14 | |
| Lumber Mill | 1 | |
| Scout Tower | 3 | |
| Guard Tower | 3 | |
| Keep | 1 | |
| Castle | 1 | |
| Arcane Vault | 1 | |
36 total
» build order
00:03 Altar of Kings
00:04 Barracks
00:06 Farm
00:07 Farm
00:09 Town Hall
00:55 Barracks
01:03 Farm
02:12 Lumber Mill
02:22 Farm
03:25 Farm
04:37 Scout Tower
04:49 Guard Tower
04:50 Scout Tower
05:11 Guard Tower
05:13 Scout Tower
05:29 Guard Tower
05:43 Keep
06:20 Town Hall
08:09 Castle
08:13 Farm
10:13 Town Hall
10:19 Arcane Vault
12:58 Town Hall
12:59 Town Hall
16:17 Town Hall
18:47 Town Hall
22:41 Town Hall
24:26 Town Hall
26:02 Town Hall
27:54 Town Hall
27:56 Town Hall
30:28 Town Hall
34:41 Town Hall
104:00 Farm
104:04 Farm
104:15 Farm
» items
| Orb of Fire | 2 | |
| Tome of Retraining | 1 | |
3 total
team 2 (loser)
WhatsThePoint (
red | 3 APM | 383 actions | 137:37)
2 Warden
1 Blink
1 Shadow Strike
» actions
| Assign group hotkey | 10 | |
| Build / train | 13 | |
| Enter build submenu | 5 | |
| Enter hero's abilities submenu | 2 | |
| Remove unit from queue | 1 | |
| Right click | 144 | |
| Select / deselect | 84 | |
| Select group hotkey | 78 | |
| Use ability | 46 | |
383 total
» units
» buildings
| Altar of Elders | 1 | |
| Moon Well | 2 | |
| Ancient of War | 1 | |
| Tree of Ages | 0 | |
4 total
» build order
00:07 Altar of Elders
00:11 Moon Well
00:42 Ancient of War
03:11 Tree of Ages
04:26 Moon Well
Chat log
(00:04 / All) WhatsThePoint: gl hf
(00:23 / All) WhatsThePoint: hf
(00:28 / All) dumb_retard: lol
(00:33 / All) dumb_retard: why send a fake scout if u hacking
(00:39 / All) WhatsThePoint: huh? lol.
(00:49 / All) dumb_retard: oh
(00:50 / All) WhatsThePoint: so you hack? wow
(00:58 / All) WhatsThePoint: see my name
(01:01 / All) WhatsThePoint: its cuz ppl like you mh
(01:03 / All) WhatsThePoint: make me lose
(01:15 / All) dumb_retard: almost makes u wonder
(01:19 / All) dumb_retard: whatsthepoint in playing legit
(01:21 / All) WhatsThePoint: wonder?
(01:24 / All) WhatsThePoint: nah
(01:26 / All) WhatsThePoint: legits fine
(01:31 / All) WhatsThePoint: i still dnt lose to mh'ers
(01:36 / All) WhatsThePoint: i lose to dischack on other acc
(01:38 / All) WhatsThePoint: piss me off
(01:39 / All) dumb_retard: u arent legit with the crash hack runnint
(01:43 / All) dumb_retard: thts fighting hack with hack
(01:52 / All) WhatsThePoint: i dont use hack for win
(01:56 / All) WhatsThePoint: i use it for anti
(01:59 / All) dumb_retard: thats still hacking
(02:04 / All) WhatsThePoint: in a fair way
(02:13 / All) WhatsThePoint: ppl get mass loss cuz they try hack me
(03:47 / All) WhatsThePoint: man
(03:50 / All) WhatsThePoint: you mh i cant win
(04:32 / All) WhatsThePoint: afk playing wow
(04:39 / All) dumb_retard: LOL
(04:45 / All) dumb_retard: YOU USE IT FOR ANTI
(04:46 / All) dumb_retard: RIGHT?
(05:07 / All) dumb_retard: DUMB NOOBY NERD
(11:26 / All) dumb_retard: you really had me going
(11:31 / All) dumb_retard: with the "only use it for anti"
(11:32 / All) dumb_retard: business
(26:10 / All) dumb_retard: my personal record for game length
(26:12 / All) dumb_retard: is a 48 hour loss
(26:19 / All) dumb_retard: hoping to pass that with a longer win
(37:40 / All) WhatsThePoint: just done with a game on my other WC3
(37:41 / All) WhatsThePoint: handy
(37:55 / All) dumb_retard: so you didnt go with WoW after all
(37:59 / All) dumb_retard: i dont blame you
(38:01 / All) WhatsThePoint: nah other WC3
(38:05 / All) WhatsThePoint: seemed better
(38:07 / All) dumb_retard: wow is a horrible game
(38:10 / All) WhatsThePoint: was just playin game of dota
(38:24 / All) WhatsThePoint: i go play more see you in 30minutes.
(38:31 / All) dumb_retard: dont bother coming back
(38:33 / All) dumb_retard: for at least 24 hours
(38:37 / All) dumb_retard: ive never dropped sooner than that
(86:58 / All) dumb_retard: thats pretty impressive that you went 11-0 with that horrible warden tech
(87:08 / All) dumb_retard: i would have guessed a strategy like that might make 4-0 with a lot of luck